Map: Troizinia LE

Players

DarkTemplar

  • Race: Protoss Protoss
  • League: Silver
  • Spawn Location: 11:00

irvinz - Winner!

  • Race: Zerg Zerg
  • League: Gold
  • Spawn Location: 5:00

BlueHawk - Winner!

  • Race: Terran Terran
  • League: Bronze
  • Spawn Location: 6:00

Pryce - Winner!

  • Race: Protoss Protoss
  • Spawn Location: 3:00

bertman

  • Race: Terran Terran
  • Spawn Location: 11:00

rod

  • Race: Terran Terran
  • Spawn Location: 9:00

Leiferon

  • Race: Zerg Zerg
  • Spawn Location: 12:00

VOD

Have the link to the VOD?

Description

Time

  • Played on: Sept. 21, 2018, 5:34 p.m.
  • Length: 26:00
Show
View Real Time Build Order
Export as new Build Order

DarkTemplar Protoss 

Build Orders: 1 Gate Expand, Double Forge, Colossus Rush 

Get SALT Encoding   

  12  0:01  Probe  
  13  0:13  Probe  
  14  0:18  Pylon  
  14  0:27  Probe  
  15  0:32  Assimilator  
  15  0:40  Probe  
  16  0:52  Probe  
  16  0:55  Gateway  
  17  1:04  Probe  
  18  1:12  Nexus  
  18  1:16  Probe  
  19  1:27  Gateway  
  19  1:34  Assimilator  
  19  1:41  Probe  
  20  1:50  Probe  
  20  1:52  Pylon  
  21  1:58  Probe  
  22  2:19  Cybernetics Core  
  22  2:25  Pylon  
  23  2:30  Probe x2  
  24  2:39  Assimilator  
  24  2:41  Warp Gate  
  24  2:42  Probe x2  
  24  2:43  Assimilator  
  26  2:54  Probe  
  26  2:57  Gateway  
  27  2:59  Robotics Facility  
  27  3:04  Probe  
  28  3:06  Pylon, Probe  
  29  3:16  Probe  
  30  3:25  Probe  
  30  3:26  Gateway  
  31  3:28  Probe  
  32  3:51  Immortal  
  32  3:55  Probe x2  
  38  4:05  Robotics Bay  
  38  4:07  Probe  
  39  4:12  Probe  
  40  4:19  Probe  
  41  4:24  Probe  
  42  4:33  Probe  
  42  4:34  Shield Battery  
  42  4:35  Forge  
  42  4:36  Probe  
  44  4:39  Forge  
  44  4:41  Probe  
  44  4:44  Probe  
  45  4:48  Pylon  
  45  4:50  Stalker  
  45  4:52  Zealot  
  50  4:57  Probe, Extended Thermal Lance  
  51  5:02  Probe  
  52  5:11  Protoss Ground Weapons Level 1  
  52  5:12  Protoss Ground Armor Level 1  
  52  5:22  Colossus  
  58  5:33  Robotics Facility  
  58  5:39  Pylon  
  58  5:52  Probe x2  
  58  5:54  Twilight Council  
  60  5:58  Pylon  
  60  6:01  Nexus  
  60  6:04  Assimilator  
  60  6:18  Stalker x2  
  62  6:19  Stalker  
  66  6:28  Colossus  
  66  6:34  Colossus  
  66  6:36  Charge  
  78  6:45  Observer Gravitic Boosters  
  78  6:48  Probe x2  
  80  7:00  Probe  
  81  7:13  Protoss Ground Weapons Level 2  
  81  7:17  Probe x3  
  81  7:20  Colossus  
  81  7:22  Colossus, Pylon  
  90  7:23  Pylon  
  90  7:25  Pylon  
  96  7:31  Assimilator  
  96  7:34  Pylon  
  96  7:35  Pylon  
  96  7:50  Gateway  
  96  7:53  Gateway  
  96  7:57  Photon Cannon  
  96  7:58  Photon Cannon  
  96  8:02  Photon Cannon  
  96  8:03  Protoss Ground Armor Level 2  
  96  8:05  Colossus  
  96  8:19  Blink  
  102  8:37  Shield Battery  
  102  8:40  Colossus, Photon Cannon  
  108  8:42  Photon Cannon  
  108  8:58  Colossus  
  114  9:06  Nexus  
  114  9:10  Assimilator  
  114  9:12  Shield Battery  
  114  9:13  Gateway  
  114  9:16  Pylon, Probe x2  
  116  9:17  Probe  
  116  9:21  Protoss Ground Weapons Level 3  
  117  9:29  Gravitic Drive  
  117  9:34  Observer  
  118  9:40  Stargate  
  118  9:43  Stargate, Probe x3  
  121  9:47  Pylon  
  121  9:53  Observer  
  121  9:54  Stalker x2  
  121  9:55  Probe x2, Stalker  
  130  10:11  Photon Cannon  
  130  10:12  Photon Cannon  
  130  10:25  Stalker  
  130  10:27  Stalker  
  130  10:28  Stalker  
  136  10:44  Phoenix x2  
  140  10:53  Stalker x2, Photon Cannon  
  140  10:54  Photon Cannon  
  144  10:58  Photon Cannon  
  144  11:08  Phoenix x2  
  148  11:24  Phoenix  
  148  11:25  Pylon, Phoenix  
  148  11:27  Pylon  
  152  11:49  Phoenix x2  
  156  11:56  Protoss Ground Armor Level 3  
  156  12:01  Colossus x2  
  156  12:07  Protoss Shields Level 1  
  168  12:13  Phoenix x2  
  166  12:29  Phoenix x2  
  166  12:38  Pylon  
  166  12:39  Protoss Air Weapons Level 1  
  166  12:40  Pylon  
  170  12:48  Cybernetics Core  
  170  12:49  Cybernetics Core  
  170  12:55  Colossus  
  176  13:04  Colossus  
  176  13:48  Colossus  
  172  14:08  Phoenix x2  
  172  14:09  Colossus  
  176  14:33  Phoenix x2  
  180  14:41  Protoss Air Armor Level 1  
  180  14:42  Colossus  
  186  14:58  Phoenix x2  
  190  15:01  Gateway  
  190  15:03  Gateway  
  190  15:06  Gateway  
  190  15:18  Colossus, Assimilator  
  190  15:21  Pylon  
  196  15:23  Pylon, Phoenix  
  196  15:25  Pylon  
  196  15:55  Stalker x2  
  155  16:55  Colossus  
  155  16:59  Colossus  
  78  17:06  Phoenix  
  50  17:10  Phoenix  
  50  17:14  Stalker x2  
  50  17:15  Stalker x2  
  74  17:16  Stalker  
  74  17:17  Stalker, Zealot  
  74  17:18  Zealot  
  82  17:32  Colossus  
  82  17:35  Phoenix  
  84  17:37  Phoenix  
  84  17:42  Colossus  
  98  18:00  Phoenix  
  100  18:08  Protoss Shields Level 2  
  100  18:12  Pylon  
  100  18:15  Pylon  
  100  18:16  Colossus, Assimilator  
  100  18:17  Nexus  
  100  18:18  Pylon, Fleet Beacon  
  100  18:20  Assimilator  
  100  18:25  Phoenix x2  
  110  18:36  Observer  
  110  18:39  Photon Cannon  
  110  18:42  Pylon  
  111  18:50  Pylon  
  111  18:54  Observer, Zealot  
  111  18:55  Zealot x2  
  115  18:56  Zealot x2  
  115  18:57  Zealot x3  
  128  19:18  Colossus x2  
  138  19:37  Stalker  
  138  19:38  Stalker x3  
  136  19:39  Stalker x2  
  136  19:40  Stalker x2  
  74  20:01  Stalker  
  74  20:02  Stalker  
  74  20:03  Stalker  
  54  20:31  Phoenix x2  
  58  20:45  Probe  
  58  20:46  Probe x2  
  61  20:54  Probe x2  
  61  20:56  Phoenix  
  65  21:22  Phoenix x2  
  51  21:47  Phoenix x2  
  45  23:01  Phoenix x2  
  45  23:26  Phoenix x2  
Show
View Real Time Build Order
Export as new Build Order

irvinz Zerg - Winner!

Build Orders: Hatch First 

Get SALT Encoding   

  12  0:01  Drone  
  13  0:12  Overlord  
  13  0:17  Drone  
  14  0:30  Drone  
  14  0:31  Drone  
  16  0:36  Drone  
  17  0:54  Hatchery  
  17  0:56  Drone  
  17  1:00  Drone  
  17  1:03  Extractor  
  17  1:06  Drone  
  18  1:20  Spawning Pool  
  18  1:23  Drone  
  18  1:29  Drone  
  19  1:40  Drone  
  20  1:54  Drone  
  21  1:57  Hatchery  
  20  2:08  Zergling x4  
  22  2:10  Queen  
  22  2:14  Zergling x2  
  25  2:26  Metabolic Boost  
  25  2:32  Overlord  
  25  2:36  Drone  
  26  2:39  Drone  
  26  2:41  Drone  
  28  2:52  Drone x3  
  28  2:56  Drone  
  32  3:05  Drone x2  
  34  3:07  Queen  
  34  3:10  Drone  
  37  3:18  Drone  
  38  3:21  Drone  
  38  3:24  Drone x3  
  42  3:29  Overlord  
  42  3:47  Queen x2  
  46  3:52  Drone x3  
  49  3:56  Drone  
  49  3:59  Overlord x2  
  50  4:06  Drone  
  50  4:07  Drone  
  50  4:08  Drone  
  50  4:13  Baneling Nest  
  50  4:16  Drone  
  50  4:17  Overlord, Drone  
  50  4:18  Drone x3  
  50  4:21  Zergling x2  
  56  4:24  Zergling x2  
  56  4:33  Zergling x6  
  56  4:34  Zergling x2  
  56  4:36  Zergling x6  
  56  4:37  Zergling x2  
  64  4:51  Zergling x4  
  64  4:56  Zergling x2  
  64  4:59  Drone  
  62  5:00  Queen  
  62  5:05  Extractor x2  
  62  5:07  Drone  
  62  5:08  Drone x2  
  62  5:09  Drone x2, Extractor  
  62  5:10  Extractor  
  62  5:13  Lair  
  65  5:20  Drone  
  65  5:21  Drone  
  67  5:27  Extractor  
  66  5:31  Drone  
  66  5:32  Drone  
  68  5:41  Baneling x4  
  68  5:42  Drone x4  
  72  5:44  Baneling  
  72  5:45  Baneling x5  
  72  5:47  Drone  
  73  5:55  Overlord  
  73  5:56  Overlord  
  73  6:02  Overlord x3  
  72  6:04  Pneumatized Carapace  
  72  6:05  Drone  
  69  6:20  Zergling x8  
  69  6:22  Drone x2  
  69  6:23  Drone x5  
  80  6:25  Drone  
  80  6:26  Drone x2  
  80  6:27  Drone x2  
  80  6:30  Drone x3  
  80  6:31  Drone  
  89  6:40  Roach Warren  
  89  6:42  Drone  
  89  6:43  Drone x2, Hydralisk Den  
  91  6:48  Spire  
  90  6:55  Drone x3  
  88  7:03  Drone x4  
  88  7:05  Baneling x3  
  88  7:07  Drone x2  
  94  7:14  Zergling x4  
  94  7:15  Zergling x8  
  98  7:17  Zergling x4  
  98  7:19  Hatchery  
  102  7:22  Zergling x2  
  102  7:30  Zergling x4  
  102  7:31  Zergling x2  
  105  7:39  Extractor  
  105  7:41  Zergling x2  
  105  7:42  Overlord, Extractor  
  101  8:14  Roach x3, Mutalisk  
  101  8:15  Roach, Mutalisk  
  101  8:16  Overlord x4  
  111  8:22  Evolution Chamber x2  
  108  8:33  Roach x2  
  112  8:34  Overlord x2  
  112  8:36  Roach x2  
  112  8:37  Roach  
  118  8:50  Spine Crawler  
  118  8:51  Spine Crawler  
  118  8:53  Glial Reconstitution, Roach x4  
  118  8:55  Zerg Melee Weapons Level 1, Zerg Ground Armor Level 1  
  124  8:57  Mutalisk  
  124  8:58  Mutalisk x2  
  130  9:02  Infestation Pit  
  130  9:09  Mutalisk x4  
  137  9:11  Mutalisk x7  
  137  9:13  Spore Crawler  
  150  9:21  Baneling  
  150  9:22  Baneling x8  
  151  9:24  Drone x4  
  154  9:31  Drone  
  154  9:32  Drone  
  154  9:34  Drone  
  157  9:59  Zerg Flyer Weapons Level 1  
  157  10:02  Hive  
  157  10:16  Mutalisk  
  159  10:45  Overlord x2  
  159  10:46  Overlord  
  157  11:04  Mutalisk  
  157  11:05  Mutalisk x2  
  157  11:06  Overlord, Drone  
  157  11:07  Drone x2  
  166  11:21  Mutalisk  
  166  11:22  Overlord  
  168  11:29  Zerg Melee Weapons Level 2  
  168  11:30  Zerg Ground Armor Level 2  
  168  11:33  Adrenal Glands  
  168  12:03  Queen  
  168  12:05  Roach  
  168  12:06  Roach  
  168  12:07  Overlord x2  
  168  12:08  Overlord x4  
  174  12:13  Hatchery  
  173  12:27  Corruptor  
  173  12:28  Corruptor x6  
  185  12:39  Zergling x6  
  188  13:10  Spine Crawler  
  188  13:12  Spine Crawler  
  179  13:42  Mutalisk  
  179  13:43  Mutalisk  
  179  13:44  Zergling x6  
  179  13:45  Zergling x4  
  177  14:13  Roach x4  
  185  14:23  Mutalisk  
  185  14:24  Mutalisk x2  
  189  14:34  Mutalisk x3  
  195  14:40  Mutalisk x2  
  195  14:44  Greater Spire  
  199  14:47  Zerg Melee Weapons Level 3, Spire, Zerg Ground Armor Level 3  
  198  15:03  Roach  
  200  15:11  Ultralisk Cavern  
  199  15:15  Spine Crawler  
  199  15:17  Hatchery, Spore Crawler  
  199  15:19  Spore Crawler  
  199  15:20  Spine Crawler  
  190  15:30  Baneling x4  
  190  15:31  Baneling x8  
  166  15:57  Mutalisk x2  
  166  15:58  Mutalisk x9  
  180  16:21  Corruptor  
  180  16:22  Corruptor x4  
  166  16:31  Roach x3  
  166  16:32  Roach  
  171  16:36  Roach x3  
  171  16:37  Roach x2  
  172  16:50  Mutalisk  
  172  16:51  Mutalisk x5  
  176  16:59  Drone  
  176  17:00  Overlord  
  150  17:24  Brood Lord  
  150  17:25  Brood Lord x10  
  150  17:27  Overlord  
  150  17:28  Overlord x3  
  172  17:35  Overlord x2  
  170  17:45  Drone  
  171  18:00  Corruptor x3  
  171  18:01  Corruptor x2  
  171  18:05  Hatchery  
  180  18:06  Hatchery  
  174  18:22  Corruptor x3  
  174  18:23  Corruptor  
  182  18:38  Corruptor  
  182  18:40  Zergling x2  
  185  18:56  Drone x4  
  189  19:08  Corruptor x2  
  189  19:09  Corruptor  
  193  19:10  Corruptor  
  120  20:17  Extractor  
  119  20:29  Extractor  
  119  20:34  Corruptor x3  
  119  20:35  Corruptor x3  
  126  20:36  Corruptor  
  123  21:09  Brood Lord x6  
  123  21:10  Brood Lord  
  128  21:19  Zergling x8  
  128  21:20  Zergling x14  
  128  21:21  Zergling x4  
  130  21:47  Drone x5  
  130  21:52  Zergling x2  
  130  21:53  Zergling x2  
  135  22:24  Greater Spire  
  133  22:36  Zergling x2  
  135  22:37  Zergling x18  
  135  22:38  Zergling x4  
  137  23:08  Zergling x6  
  137  23:09  Zergling x6  
  136  23:40  Zergling x4  
  136  23:41  Zergling x4  
  139  23:42  Drone x3  
  139  23:43  Drone x2  
  132  24:21  Zergling x2  
  132  24:22  Zergling x22  
  142  24:41  Zergling x2  
  142  24:42  Zergling x6  
  142  24:44  Hatchery  
Show
View Real Time Build Order
Export as new Build Order

BlueHawk Terran - Winner!

Build Orders:  

Get SALT Encoding   

  12  0:17  Supply Depot, SCV  
  13  0:29  SCV  
  13  0:31  Refinery  
  14  0:39  Refinery  
  14  0:48  Barracks  
  14  0:52  SCV  
  15  1:06  SCV  
  16  1:19  SCV  
  17  1:35  Barracks Reactor  
  17  1:38  Orbital Command  
  17  1:59  Supply Depot  
  17  2:05  SCV  
  18  2:13  Reaper x2  
  20  2:22  SCV  
  21  2:32  Factory  
  21  2:58  SCV  
  22  3:00  Marine x2  
  24  3:14  Command Center  
  24  3:43  Marine x2  
  24  3:46  Factory Tech Lab  
  24  3:53  Supply Depot  
  24  3:54  Supply Depot  
  24  3:59  Engineering Bay  
  24  4:05  Marine x2  
  24  4:06  Starport, Siege Tank  
  29  4:28  Bunker, SCV  
  30  4:33  Bunker  
  30  4:34  SCV  
  30  4:36  Marine x2  
  33  4:49  SCV  
  35  4:53  Marine  
  35  4:55  Orbital Command  
  35  5:07  Supply Depot  
  35  5:08  SCV  
  36  5:14  Siege Tank  
  36  5:20  SCV  
  40  5:22  SCV  
  40  5:24  Marine  
  42  5:32  Medivac  
  42  5:33  SCV  
  45  5:42  Engineering Bay  
  45  5:46  Siege Tank  
  45  5:48  Armory  
  48  5:57  Marine x2  
  48  5:58  SCV x2  
  48  6:03  Refinery  
  52  6:15  Marine x2  
  54  6:22  Barracks  
  54  6:23  Barracks  
  54  6:26  SCV x2  
  54  6:28  Terran Infantry Armor Level 1  
  54  6:29  Terran Infantry Weapons Level 1  
  54  6:31  Starport Reactor  
  56  6:36  Marine x2  
  56  6:37  Siege Tank  
  61  6:53  Missile Turret  
  61  6:57  SCV x2  
  63  7:01  Refinery  
  63  7:09  SCV, Marine x3, Siege Tank  
  63  7:14  Missile Turret  
  70  7:17  Starport  
  70  7:28  SCV x2, Marine x2  
  74  7:31  Supply Depot  
  74  7:32  Supply Depot  
  74  7:33  Supply Depot  
  74  7:35  Missile Turret  
  74  7:36  Marine x2  
  76  7:40  Viking  
  78  7:52  Viking  
  78  7:55  Supply Depot  
  80  8:03  SCV  
  80  8:04  SCV  
  82  8:06  Marine x3  
  82  8:07  Marine  
  82  8:11  Starport Tech Lab  
  86  8:24  Marine  
  87  8:27  SCV x2  
  87  8:29  Marine x3  
  87  8:31  Viking  
  87  8:32  Viking  
  87  8:33  Viking  
  98  8:40  SCV  
  98  8:41  SCV  
  100  8:42  Marine  
  100  8:47  Marine  
  102  8:53  SCV x2  
  102  8:54  Marine x2  
  106  8:58  Terran Vehicle Weapons Level 1  
  106  9:00  Marine  
  107  9:04  Marine  
  107  9:08  SCV x2  
  110  9:24  Supply Depot x2  
  110  9:25  Supply Depot  
  110  9:36  Armory  
  110  9:45  Viking x2, Marine x4  
  118  9:46  Supply Depot  
  118  9:50  Ghost Academy, SCV x2  
  118  9:51  Ghost Academy  
  120  9:56  Viking  
  122  10:03  Marine  
  123  10:10  Marine x3  
  126  10:16  Viking x2  
  130  10:22  SCV x2  
  130  10:24  Ghost Academy  
  130  10:26  Viking, Personal Cloaking  
  130  10:27  Nuke  
  134  10:40  SCV  
  134  10:41  SCV  
  134  10:42  Barracks Tech Lab  
  136  10:44  Barracks Tech Lab  
  136  10:56  Command Center  
  137  10:57  SCV  
  137  11:07  Medivac x2  
  137  11:08  Medivac  
  137  11:11  SCV  
  144  11:33  Marine x4  
  148  11:45  Supply Depot x2  
  148  11:46  Supply Depot  
  148  11:48  Supply Depot  
  148  11:51  Supply Depot  
  148  11:52  Nuke  
  148  11:53  Ghost  
  150  12:06  Ghost, Siege Tank  
  155  12:22  Ghost  
  157  12:25  Marine x2  
  157  12:26  Terran Infantry Armor Level 2, Terran Infantry Weapons Level 2  
  157  12:28  Terran Vehicle And Ship Armor Level 1  
  159  12:34  Marine  
  148  13:24  Marine, SCV x2  
  148  13:25  Marine x3  
  148  13:26  Siege Tank  
  163  13:42  Marine x2  
  163  13:43  Marine  
  163  13:46  Viking  
  163  13:47  Viking x2  
  166  13:52  Marine  
  165  13:58  Siege Tank  
  165  14:00  Marine  
  169  14:12  Marine  
  169  14:13  Marine x2  
  169  14:16  Viking  
  174  14:18  Marine  
  174  14:22  Terran Vehicle Weapons Level 2  
  175  14:30  Marine  
  175  14:31  Planetary Fortress  
  176  14:41  Marine  
  176  14:42  Marine  
  178  15:09  Nuke  
  178  15:18  Missile Turret  
  178  15:19  Missile Turret  
  178  16:22  Viking x2  
  178  16:23  Viking  
  178  16:24  Marine x4  
  178  16:25  Siege Tank  
  191  16:41  Marine  
  192  16:52  Viking  
  178  16:57  Factory, Siege Tank  
  178  16:58  Factory  
  133  17:23  Marine x4  
  133  17:24  Viking  
  133  17:25  Viking x2  
  133  17:29  Siege Tank  
  137  17:40  Marine  
  129  19:40  Nuke x3  
  127  20:09  Factory Tech Lab  
  127  20:10  Factory Tech Lab  
  127  20:14  Marine x4  
  127  20:17  Siege Tank  
  127  20:18  Medivac x3  
  134  20:29  Terran Infantry Weapons Level 3  
  134  20:32  Marine x4  
  138  20:48  Medivac  
  138  20:49  Siege Tank  
  143  20:50  Marine x2  
  145  21:06  SCV x2  
  147  21:12  Siege Tank  
  147  21:18  Refinery  
  147  21:19  Refinery  
  147  21:23  Command Center  
  147  21:30  Marine x3  
  145  21:42  Marine  
  146  21:48  Marine x3  
  149  22:00  Marine  
  146  22:05  Marine  
  147  22:15  Marine x2  
  148  22:34  Ghost Academy x2  
  148  22:39  Marine  
  148  22:40  Marine x3  
  152  22:46  Barracks  
  152  22:47  Barracks  
  152  22:52  Barracks  
  152  22:55  Refinery  
  152  22:57  Marine  
  145  23:39  Marine  
  145  23:40  Marine x3  
  139  23:57  Marine x2  
  139  23:58  Marine x2  
  119  24:15  Marine  
  113  24:25  Marine x3  
  116  24:33  Marine  
  116  24:34  Barracks  
  116  24:35  Barracks  
  116  24:36  Barracks  
  117  24:42  Marine  
  117  24:43  Marine  
  119  24:46  Marine x4  
  119  24:51  Marine  
  120  25:00  Marine x2  
  122  25:30  Ghost  
  122  25:31  Ghost  
  126  25:42  Marine  
Show
View Real Time Build Order
Export as new Build Order

Pryce Protoss - Winner!

Build Orders:  

Get SALT Encoding   

  12  0:21  Probe  
  13  1:43  Probe  
  14  1:55  Probe  
  15  2:53  Assimilator  
  15  3:01  Pylon  
  15  3:05  Pylon  
  15  3:19  Probe  
  16  3:34  Gateway  
  16  3:44  Probe  
  17  4:07  Probe  
  18  4:22  Zealot  
  20  4:27  Probe  
  14  4:49  Zealot  
  16  4:53  Forge  
  16  5:00  Cybernetics Core  
  16  5:16  Zealot  
  16  5:17  Pylon  
  18  5:43  Zealot  
  18  5:48  Photon Cannon  
  20  5:55  Photon Cannon  
  20  6:05  Photon Cannon  
  20  6:10  Zealot  
  22  6:14  Twilight Council  
  22  6:26  Stargate  
  22  6:35  Probe  
  22  6:38  Zealot  
  25  6:47  Probe  
  26  6:59  Probe  
  27  7:05  Zealot  
  29  7:12  Probe  
  29  7:15  Phoenix  
  32  7:32  Stalker  
  32  7:34  Assimilator  
  34  7:50  Phoenix  
  36  8:37  Oracle  
  39  8:55  Pylon  
  39  9:22  Nexus  
  39  9:48  Adept  
  41  9:56  Phoenix  
  43  10:15  Stalker  
  45  10:42  Probe  
  46  10:45  Adept  
  48  10:54  Probe  
  49  11:06  Probe  
  50  11:12  Stalker  
  52  11:18  Probe  
  52  11:25  Assimilator  
  53  11:31  Probe  
  54  11:42  Protoss Ground Weapons Level 1, Zealot  
  54  11:43  Probe  
  54  11:44  Protoss Air Weapons Level 1  
  57  12:13  Probe  
  28  12:53  Probe  
  29  13:02  Zealot  
  31  13:05  Probe  
  31  13:10  Phoenix  
  34  13:18  Probe  
  35  13:29  Zealot  
  35  13:30  Probe  
  38  13:35  Phoenix  
  38  13:36  Protoss Ground Armor Level 1  
  38  13:37  Assimilator  
  38  13:39  Protoss Air Armor Level 1  
  40  13:57  Zealot  
  40  14:00  Phoenix  
  44  14:24  Probe, Zealot  
  46  14:25  Phoenix  
  49  14:37  Probe  
  50  14:49  Probe  
  50  14:50  Void Ray  
  50  14:51  Zealot  
  57  14:58  Pylon  
  57  15:02  Pylon  
  57  15:18  Stalker, Gateway  
  6  17:15  Probe  
  7  17:33  Zealot  
  5  19:33  Zealot  
  7  20:00  Zealot  
  9  20:21  Probe  
  9  20:27  Zealot  
  12  20:54  Zealot  
  14  21:21  Zealot  
  10  23:49  Cybernetics Core  
  10  24:38  Stargate  
  10  25:52  Fleet Beacon  
Show
View Real Time Build Order
Export as new Build Order

bertman Terran 

Build Orders:  

Get SALT Encoding   

  12  0:02  SCV  
  13  0:23  Supply Depot  
  13  0:30  Refinery  
  13  0:50  Barracks  
  13  0:59  SCV  
  14  1:11  SCV  
  15  1:37  Orbital Command  
  15  1:46  Barracks Reactor  
  15  1:51  Supply Depot  
  15  2:25  Refinery  
  15  2:31  Factory  
  15  2:33  Marine  
  15  2:34  Marine  
  17  2:51  Marine  
  17  2:52  Marine  
  17  2:54  Barracks  
  19  3:09  Marine x2  
  21  3:27  Marine x2, Factory Tech Lab  
  23  3:45  Reaper  
  24  3:54  Engineering Bay  
  24  3:56  Starport  
  24  4:03  Barracks Tech Lab  
  24  4:35  Starport Tech Lab  
  24  4:38  Terran Infantry Weapons Level 1  
  24  4:48  Marine  
  24  4:49  Marine x2  
  27  4:55  Siege Tank  
  30  5:05  Supply Depot  
  30  5:06  Marine  
  31  5:09  Command Center  
  31  5:26  Medivac, Marine x3  
  36  5:28  Supply Depot  
  36  5:44  Marine x3  
  39  6:01  Supply Depot, Marine  
  39  6:02  Marine  
  40  6:19  Marine  
  41  6:28  SCV  
  42  6:40  SCV  
  43  6:52  SCV  
  40  7:04  SCV  
  41  7:16  SCV  
  41  7:17  Refinery  
  42  7:28  SCV  
  43  7:30  Medivac  
  43  7:37  Refinery  
  45  7:40  SCV  
  46  7:49  Terran Infantry Armor Level 1  
  47  8:00  Medivac  
  47  8:01  Orbital Command  
  48  8:30  Banshee  
  51  8:58  Marine x3  
  54  9:03  Starport  
  54  9:08  Siege Tank  
  57  9:14  SCV  
  57  9:15  Marine x2  
  57  9:16  Marine  
  61  9:26  SCV  
  62  9:33  Marine  
  63  9:38  SCV  
  63  9:40  Siege Tank  
  63  9:42  Armory, Cloaking Field  
  67  9:50  SCV, Barracks  
  68  9:55  Medivac, Starport Reactor  
  67  10:25  Medivac  
  61  10:29  SCV  
  62  10:39  Missile Turret  
  62  10:41  SCV  
  63  10:50  Marine x3  
  63  10:53  SCV  
  63  10:55  Banshee  
  70  11:10  Supply Depot  
  70  11:27  Marine  
  70  11:28  SCV  
  68  11:38  Medivac  
  70  11:40  SCV  
  71  11:52  SCV  
  72  12:04  SCV  
  73  12:11  Medivac x2  
  77  12:16  SCV  
  78  12:49  Starport  
  78  12:51  Terran Vehicle Weapons Level 1  
  78  12:54  Terran Infantry Armor Level 2  
  78  13:03  Banshee  
  69  14:11  Missile Turret  
  69  14:18  Supply Depot  
  68  14:40  SCV  
  68  14:41  Supply Depot  
  69  14:52  SCV  
  70  14:53  Terran Vehicle And Ship Armor Level 1  
  70  15:04  SCV  
  71  15:10  Terran Infantry Weapons Level 2  
  71  15:16  SCV  
  25  17:15  Command Center, Marine x4  
  29  17:33  Marine x4  
  33  17:51  Marine x4  
  37  18:09  Terran Vehicle And Ship Armor Level 2  
  30  19:06  Marine x4  
  34  20:33  SCV  
  35  20:37  SCV  
  36  20:45  SCV  
  37  20:58  SCV  
  19  21:56  Marine  
  19  21:57  Marine x3  
  19  22:00  SCV  
  24  22:14  Marine x3  
  24  22:15  Marine  
  28  22:27  SCV  
  29  22:32  Marine x4  
  33  22:39  SCV  
  34  22:51  SCV  
  35  23:03  SCV  
  36  23:15  Command Center  
  36  23:16  SCV  
  37  23:26  Terran Ship Weapons Level 1  
  37  23:31  SCV  
  38  23:41  Banshee  
  41  24:02  Viking x2  
  45  24:24  Banshee  
  48  24:40  Marine x2  
  48  24:41  Marine x2  
  52  24:47  Medivac x2  
  56  24:58  Marine x3  
  56  24:59  Marine  
  56  25:07  Banshee  
  54  25:16  Marine x4  
  54  25:17  Medivac x2  
  57  25:34  Marine x2  
Show
View Real Time Build Order
Export as new Build Order

rod Terran 

Build Orders:  

Get SALT Encoding   

  12  0:01  SCV  
  13  0:13  SCV  
  14  0:22  Supply Depot  
  14  0:25  SCV  
  15  0:44  SCV  
  15  0:48  Barracks  
  16  0:56  SCV  
  17  0:59  Refinery  
  17  1:08  SCV  
  18  1:25  SCV  
  19  1:37  Marine  
  20  1:52  Supply Depot  
  21  2:03  Barracks Reactor  
  20  2:11  SCV  
  20  2:14  Supply Depot  
  21  2:32  Orbital Command  
  21  2:36  Supply Depot  
  21  2:49  Marine x2  
  21  2:51  Supply Depot  
  23  2:58  Refinery  
  23  2:59  SCV  
  23  3:00  Supply Depot  
  24  3:07  Marine x2  
  24  3:11  SCV  
  27  3:22  Supply Depot  
  27  3:23  SCV  
  27  3:24  Marine  
  27  3:25  Marine  
  30  3:35  SCV  
  30  3:36  Factory  
  31  3:42  Marine  
  31  3:43  Marine  
  31  3:46  Bunker  
  31  3:47  SCV  
  34  3:59  SCV  
  34  4:00  Marine  
  34  4:01  Marine  
  37  4:04  Command Center  
  37  4:11  SCV  
  38  4:18  Marine  
  38  4:19  Marine  
  38  4:23  SCV  
  41  4:33  Refinery  
  41  4:36  Marine x2  
  43  4:40  Factory Tech Lab  
  43  4:44  SCV  
  44  4:53  Marine  
  44  4:54  Marine  
  44  4:57  SCV  
  44  4:59  Siege Tank  
  50  5:09  SCV  
  50  5:11  Marine  
  50  5:12  Marine  
  53  5:21  SCV  
  54  5:23  SCV  
  55  5:29  Marine  
  55  5:30  Marine  
  55  5:31  Siege Tank  
  55  5:35  SCV  
  61  5:47  Marine, SCV  
  61  5:48  Marine  
  64  5:52  Starport  
  64  5:59  SCV  
  64  6:03  Siege Tank  
  68  6:05  Marine x2  
  71  6:11  SCV  
  71  6:19  Refinery  
  71  6:23  Marine x2  
  71  6:25  Engineering Bay  
  73  6:32  Barracks  
  73  6:35  Siege Tank  
  76  6:40  Marine  
  76  6:41  Marine  
  76  6:42  Medivac  
  80  7:07  Siege Tank  
  83  7:12  Engineering Bay  
  83  7:28  Barracks Tech Lab  
  83  7:36  Armory, Medivac  
  85  7:38  Marine  
  86  7:49  Supply Depot  
  86  8:02  Stimpack  
  86  8:06  Terran Infantry Weapons Level 1  
  86  8:07  Terran Infantry Armor Level 1  
  86  8:10  Medivac, Siege Tank, Marine x2  
  93  8:13  Supply Depot  
  93  8:24  Marine  
  94  8:34  Marine x2  
  94  8:35  SCV x2  
  94  8:38  Supply Depot  
  98  8:42  Marine  
  98  8:43  Siege Tank  
  102  8:53  Supply Depot  
  102  8:59  SCV x2, Marine x2  
  102  9:00  Marine  
  102  9:02  Supply Depot  
  107  9:11  SCV x2  
  107  9:15  Siege Tank  
  107  9:16  Supply Depot  
  112  9:17  Marine x2  
  112  9:18  Marine  
  112  9:23  SCV x2  
  117  9:26  Sensor Tower  
  117  9:34  Barracks  
  117  9:35  Marine x2  
  117  9:36  Marine, SCV x2  
  122  9:47  Siege Tank  
  122  9:48  SCV x2  
  122  9:51  Medivac  
  129  9:52  Marine x2  
  129  9:54  Marine  
  129  9:56  Supply Depot  
  132  10:00  SCV x2  
  132  10:02  Combat Shields  
  132  10:06  Supply Depot  
  134  10:07  Terran Vehicle Weapons Level 1  
  134  10:10  Terran Infantry Weapons Level 2  
  134  10:18  SCV x2, Marine x3  
  134  10:19  Siege Tank  
  142  10:29  Supply Depot  
  142  10:30  SCV  
  143  10:36  Marauder  
  145  10:49  Command Center  
  145  10:51  Siege Tank  
  148  10:57  Marauder  
  150  11:10  Medivac  
  152  11:13  Marine x2  
  154  11:18  Marine  
  154  11:22  SCV  
  154  11:23  SCV  
  154  11:24  Supply Depot  
  157  11:30  Marine  
  158  11:45  SCV x2, Medivac, Siege Tank, Marine  
  158  11:47  Supply Depot  
  166  12:01  Marine x2  
  168  12:04  Marauder  
  170  12:10  Supply Depot  
  170  12:15  Medivac  
  170  12:18  Siege Tank  
  170  12:19  Marine x2  
  177  12:25  Marauder  
  179  12:36  Marine  
  179  12:37  Marine  
  180  12:42  Terran Infantry Weapons Level 3  
  180  12:43  Terran Infantry Armor Level 2  
  181  12:45  Terran Vehicle Weapons Level 2, Medivac  
  181  12:46  Marine  
  181  12:50  Siege Tank  
  187  12:54  Marine x2  
  186  13:04  Marine  
  187  13:12  Marine  
  161  13:15  Medivac  
  163  13:22  Siege Tank  
  166  13:45  Medivac  
  168  13:54  Siege Tank  
  154  14:15  Medivac  
  150  14:26  Siege Tank  
  154  14:33  Planetary Fortress  
  153  14:45  Medivac  
  155  14:52  Sensor Tower  
  155  14:54  Marine x3  
  155  14:58  Siege Tank  
  161  15:11  Marine x2  
  161  15:12  Marine  
  161  15:13  Planetary Fortress  
  164  15:15  Medivac  
  166  15:29  Marine x3, Barracks  
  166  15:30  Siege Tank  
  172  15:45  Medivac  
  172  15:47  Marine x3  
  177  16:02  Siege Tank  
  180  16:05  Marine  
  181  16:24  Marine x2  
  181  16:25  Marine  
  184  16:30  Medivac  
  186  16:34  Siege Tank  
  189  16:42  Marine x3  
  192  17:00  Medivac, Marine x3  
  197  17:13  Siege Tank  
  200  18:00  Terran Infantry Armor Level 3  
  117  19:06  Marine x3  
  105  19:22  SCV  
  93  19:24  Marine x3  
  72  19:34  SCV  
  73  19:42  Marine x3  
  76  19:46  SCV  
  77  19:57  Marine  
  77  19:58  SCV  
  79  20:00  Marine x3  
  82  20:10  SCV  
  83  20:15  Marine  
  83  20:17  Marine  
  83  20:18  Marine x2  
  87  20:33  Marine  
  87  20:35  Marine x2  
  88  20:36  Marine  
  91  20:50  Marine  
  91  20:53  Marine x3  
  95  21:08  Marine  
  95  21:11  Marine x3  
  96  21:13  Siege Tank  
  102  21:26  Marine, Starport Reactor  
  102  21:29  Marine x3  
  106  21:44  Marine  
  106  21:45  Siege Tank  
  106  21:46  Marine  
  106  21:47  Marine x2  
  113  22:02  Marine  
  113  22:05  Marine  
  115  22:18  Siege Tank  
  115  22:19  Marine  
  119  22:37  Marine  
  120  22:50  Siege Tank  
  123  23:09  Building Armor  
  123  23:12  Hi-Sec Auto Tracking  
  123  23:22  Siege Tank  
  121  23:43  Marine x3  
  121  23:44  Marine  
  125  23:54  Siege Tank  
  128  24:01  Marine x3  
  80  24:12  Marine  
  81  24:19  Marine x3  
  84  24:26  Siege Tank  
  84  24:30  Marine  
  88  24:37  Marine x3  
  91  24:39  SCV  
  91  24:43  Refinery  
  91  24:45  Refinery  
  92  24:48  Marine  
  92  24:51  SCV  
  85  24:54  Marine  
  85  24:55  Marine x2  
  85  24:58  Siege Tank  
  72  25:03  SCV  
  72  25:06  Marine  
  53  25:22  Marine  
  53  25:23  Marine x2  
  53  25:24  Marine  
  57  25:40  Marine x2  
  57  25:41  Marine  
  57  25:42  Marine  
Show
View Real Time Build Order
Export as new Build Order

Leiferon Zerg 

Build Orders: Pool First 

Get SALT Encoding   

  12  0:03  Drone  
  13  0:09  Drone  
  14  0:17  Overlord  
  14  0:36  Spawning Pool  
  14  0:38  Drone  
  14  0:40  Drone  
  15  0:49  Drone x2  
  17  0:55  Extractor  
  16  1:00  Drone  
  17  1:11  Drone  
  18  1:23  Drone  
  18  1:24  Queen  
  21  1:32  Overlord  
  21  1:44  Drone  
  22  1:57  Zergling x2  
  22  2:00  Metabolic Boost  
  23  2:19  Drone  
  23  2:20  Drone  
  25  2:25  Hatchery  
  25  2:28  Zergling x2  
  25  2:35  Zergling x6  
  28  2:40  Extractor  
  28  2:41  Overlord  
  27  2:58  Zergling x2  
  28  3:05  Zergling x2  
  29  3:14  Drone  
  29  3:37  Zergling x8  
  33  3:42  Zergling x2  
  32  3:57  Zergling x2  
  32  3:58  Zergling x4  
  34  4:10  Drone x5  
  34  4:15  Drone  
  39  4:56  Drone x4  
  39  4:58  Queen  
  39  4:59  Drone x2  
  40  5:00  Drone  
  41  5:14  Drone  
  41  5:15  Evolution Chamber  
  41  5:31  Zergling x2  
  41  5:32  Zergling x4  
  41  5:33  Overlord  
  44  5:42  Extractor  
  43  5:43  Overlord x3  
  43  5:46  Zerg Melee Weapons Level 1  
  43  5:51  Drone  
  43  5:52  Drone  
  45  6:05  Drone  
  31  6:21  Zergling x6  
  27  6:29  Zergling x6  
  30  6:43  Zergling x8  
  30  6:44  Zergling x2  
  35  6:54  Drone x2  
  35  6:56  Roach Warren  
  36  7:03  Hatchery  
  35  7:16  Zergling x2, Drone  
  35  7:17  Zergling x4  
  39  7:30  Lair  
  39  7:31  Zergling x2  
  39  7:32  Zergling x6  
  40  7:57  Drone x2  
  37  8:22  Zergling x6  
  37  8:27  Drone x3  
  37  8:34  Glial Reconstitution  
  40  8:36  Queen  
  42  8:50  Drone x2  
  42  8:55  Hatchery  
  43  9:05  Zergling x6  
  43  9:07  Roach x2  
  43  9:08  Roach  
  52  9:12  Drone x2  
  54  9:24  Roach  
  56  9:33  Drone x2  
  58  9:39  Zerg Ground Armor Level 1  
  58  9:55  Roach  
  58  9:56  Roach x3  
  66  10:05  Drone  
  66  10:06  Hydralisk Den  
  66  10:18  Drone x2  
  66  10:19  Overlord x3, Drone x2  
  57  10:46  Drone x2  
  57  10:47  Drone  
  57  10:49  Hydralisk x2  
  52  10:50  Hydralisk x4  
  52  10:52  Queen  
  52  10:55  Grooved Spines  
  53  11:11  Spore Crawler  
  53  11:15  Spore Crawler, Drone  
  53  11:16  Queen, Drone  
  54  11:24  Spore Crawler  
  54  11:25  Drone x3  
  55  11:26  Drone x3  
  55  11:30  Drone x3  
  62  11:42  Hydralisk  
  64  11:57  Tunneling Claws  
  64  12:03  Zerg Missile Weapons Level 1  
  64  12:05  Hydralisk  
  64  12:06  Muscular Augments  
  66  12:23  Extractor  
  66  12:26  Spore Crawler  
  64  12:48  Hydralisk  
  64  12:49  Hydralisk x2  
  64  12:51  Overlord x2  
  64  13:11  Hydralisk x4  
  64  13:12  Hydralisk x5  
  78  13:14  Overlord  
  78  13:15  Overlord x2  
  81  13:59  Drone  
  81  14:01  Overlord x5  
  81  14:02  Overlord x2  
  82  14:26  Zerg Missile Weapons Level 2  
  82  14:27  Infestation Pit  
  81  14:44  Hydralisk x5  
  81  14:45  Hydralisk x6  
  95  14:46  Hydralisk x3  
  95  14:48  Overlord x2  
  110  15:07  Drone x3  
  50  16:01  Hydralisk x2  
  54  16:10  Zergling x10  
  59  16:12  Zergling x10  
  59  16:13  Zergling x2  
  59  16:14  Zergling x4  
  59  16:15  Zergling x2  
  68  16:19  Drone x3  
  68  16:22  Extractor  
  70  16:33  Zergling x2  
  70  16:34  Zergling x8  
  60  17:23  Zerg Melee Weapons Level 2  
  60  17:25  Zergling x6  
  60  17:26  Zergling x12  
  60  17:27  Zergling x2  
  60  17:29  Queen  
  61  17:37  Drone  
  60  17:48  Zergling x4  
  60  17:50  Hatchery  
  61  17:55  Baneling Nest  
  61  17:57  Zergling x4  
  61  17:58  Zergling x2  
  63  18:11  Hive  
  61  18:15  Zergling x8  
  61  18:16  Zergling x6  
  56  19:07  Zergling x4  
  56  19:08  Zergling x14  
  56  19:09  Zergling x12  
  68  19:24  Drone  
  69  19:25  Extractor  
  69  19:28  Queen, Drone x3  
  73  19:35  Overseer  
  73  19:38  Overseer, Zerg Ground Armor Level 2  
  73  19:40  Overseer  
  73  20:08  Drone x2  
  73  20:09  Drone x4  
  73  20:13  Zergling x4  
  73  20:14  Zergling x2  
  82  20:15  Drone x3  
  82  20:16  Drone x2  
  82  20:19  Drone  
  82  20:20  Drone x2  
  80  21:29  Zergling x12  
  80  21:30  Zergling x6  
  82  21:53  Queen  
  80  21:55  Drone x5  
  80  22:01  Baneling  
  83  22:02  Baneling x2  
  83  22:03  Zergling x2  
  83  22:04  Zergling x10  
  83  22:05  Zergling x6  
  81  22:33  Hydralisk x3  
  81  22:34  Hydralisk  
  81  22:36  Hydralisk  
  81  22:37  Hydralisk x3  
  84  22:39  Hydralisk x4  
  84  22:40  Hydralisk  
  90  22:52  Spire  
  90  22:53  Extractor  
  90  22:56  Drone x2, Extractor  
  88  22:58  Baneling x2  
  88  22:59  Baneling x6  
  88  23:00  Baneling x6  
  88  23:01  Baneling x7  
  88  23:02  Baneling x2  
  69  23:25  Spawning Pool  
Tags
 
Add a new tag
Caveats
  • Supply blocks, unpowered buildings, or Contaminate may cause inaccurate times.
  • Supply counts are checked every 10 seconds.